 Dungeon Crawl Stone Soup version 0.23-a0-619-g281719c (webtiles) character file.

1508 Mgcat the Digger (level 9, 0/69 HPs)
             Began as a Formicid Earth Elementalist on Dec 22, 2018.
             Was a Believer of Ru.
             Slain by a hobgoblin
             ... wielding a +0 hand axe
              (2 damage)
             ... on level 7 of the Dungeon.
             The game lasted 00:22:31 (7858 turns).

Mgcat the Digger (Formicid Earth Elementalist)      Turns: 7858, Time: 00:22:32

Health: 0/69       AC:  3    Str: 19    XL:     9   Next: 9%
Magic:  4/18       EV: 12    Int: 17    God:    Ru [**....]
Gold:   422        SH:  0    Dex: 11    Spells: 11/20 levels left

rFire    . . .     SeeInvis +   s - +5 whip
rCold    . . .     Gourm    .   (no shield)
rNeg     . . .     Faith    .   c - +0 robe
rPois    .         Spirit   .   (helmet unavailable)
rElec    .         Reflect  .   f - +0 cloak
rCorr    .         Harm     .   (no gloves)
MR       .....                  (no boots)
Stlth    +++.......             (no amulet)
HPRegen  0.21/turn              e - ring of stealth {Stlth+}
MPRegen  0.16/turn              o - ring of wizardry {Wiz+, !d}

@: mighty
A: permanent stasis, dig shafts and tunnels, four strong arms, antennae 3,
inexperienced 1
a: Dig, Shaft Self, Sacrifice Drink, Sacrifice Purity, Sacrifice a Hand, Reject
Sacrifices, Renounce Religion


You were on level 7 of the Dungeon.
You worshipped Ru.
Ru was pleased with you.
You were hungry.

You visited 1 branch of the dungeon, and saw 7 of its levels.
You also visited: Bailey.

You collected 422 gold pieces.

Inventory:

Hand Weapons
 s - a +5 whip (weapon)
   (You took it off a kobold on level 3 of the Dungeon)
Missiles
 b - 24 stones (quivered)
Armour
 c - a +0 robe (worn)
 f - a +0 cloak (worn)
   (You found it on level 3 of the Dungeon)
Jewellery
 e - a ring of stealth (left hand) {Stlth+}
   (You found it on level 1 of the Dungeon)
 n - an uncursed ring of protection from magic {MR+, !d}
   (You found it on level 1 of the Dungeon)
 o - a ring of wizardry (right hand) {Wiz+, !d}
   (You found it on level 2 of the Dungeon)
 v - an uncursed ring of flight {+Fly, !d}
   (You found it on level 5 of the Dungeon)
Wands
 u - a wand of paralysis (4)
   (You found it on level 3 of the Dungeon)
 w - a wand of polymorph (12)
   (You took it off Ijyb on level 3 of the Dungeon)
 y - a wand of digging (5)
   (You found it on level 5 of the Dungeon)
Scrolls
 h - a scroll of remove curse
 i - 2 scrolls of enchant weapon
 j - a scroll of magic mapping {!r}
 m - 3 scrolls of amnesia
 z - 2 scrolls of enchant armour {unknown}
 A - 3 scrolls of identify
Potions
 a - 2 potions of might
 g - 3 potions of curing
 l - a potion of berserk rage {unknown}
 p - 3 potions of resistance
 q - a potion of agility {unknown}
 r - a potion of flight
 B - a potion of lignification {unknown}
 C - a potion of magic {unknown}
 D - 2 potions of experience {unknown}
Comestibles
 d - 10 rations
 x - 2 chunks of flesh {@w0}


   Skills:
 + Level 6.0 Fighting
 - Level 1.7 Dodging
 - Level 2.4 Stealth
 + Level 6.0 Spellcasting
 + Level 4.5 Conjurations
   Level 1.1 Transmutations
 + Level 7.7 Earth Magic


You had 11 spell levels left.
You knew the following spells:

 Your Spells              Type           Power        Failure   Level  Hunger
a - Sandblast             Erth           ####..       1%          1    None
b - Stone Arrow           Conj/Erth      ####..       1%          3    ##.....
c - Lee's Rapid Deconstr  Erth           ####......   6%          5    #####..

Your spell library contained the following spells:

 Spells                   Type           Power        Failure   Level  Hunger
 Passwall                 Tmut/Erth      ###.....     1%          2    None
 Petrify                  Tmut/Erth      ###.....     9%          4    ####...


Dungeon Overview and Level Annotations

Branches:
Dungeon (7/15)             Temple (0/1) D:4

Altars:
Ashenzari
Dithmenos
Elyvilon
Nemelex Xobeh
Okawaru
Qazlal
Ru
Sif Muna
Trog
Vehumet
Xom
Zin
The Shining One

Shops:
D:2 *

Annotations:
D:5 exclusion: phantom


Innate Abilities, Weirdness & Mutations

You cannot be hasted, slowed, berserked, paralysed or teleported.
You can dig through walls and to a lower floor.
Your four strong arms can wield two-handed weapons with a shield.
You have a pair of large antennae on your head. (SInv)
You are somewhat inexperienced. (-2 XL)


Message History

A goblin, a hobgoblin and a gnoll come into view.
Unknown command.
Unknown command.
Unknown command.
Unknown command.
Unknown command.
Unknown command.
Unknown command.
You feel very mighty all of a sudden.
The orc knight hits you but does no damage.
Unknown command.
Unknown command.
Unknown command.
The orc knight hits you with a +0 war axe!
Unknown command.
Unknown command.
Unknown command.
Unknown command.
Unknown command.
Unknown command.
Unknown command.
You hit the orc knight but do no damage.
The orc knight is severely wounded.
The orc warrior hits you with a +0 war axe!
* * * LOW HITPOINT WARNING * * *
The goblin barely misses you.
The orc knight hits you with a +0 war axe!
* * * LOW HITPOINT WARNING * * *
Unknown command.
Unknown command.
Unknown command.
Unknown command.
Unknown command.
As you read the scroll of fear, it crumbles to dust.
You assume a fearsome visage.
The orc knight looks frightened!
The goblin looks frightened!
The orc warrior looks frightened!
The goblin starts to cry.
Unknown command.
Unknown command.
Unknown command.
Unknown command.
Casting: Stone Arrow (safe; 1% risk of failure)
Confirm with . or Enter, or press ? or * to list all spells.
Aiming: Sandblast (safe; 1% risk of failure)
Press: ? - help, Shift-Dir - straight line, f/p - orc knight
Aim: an orc knight, wielding a +0 war axe and wearing a +0 chain mail (severely The blast of sand misses the orc knight.
b - 25 stones The goblin cries, "Waaaaaa!"
Casting: Sandblast (safe; 1% risk of failure)
Confirm with . or Enter, or press ? or * to list all spells.
Aiming: Sandblast (safe; 1% risk of failure)
Press: ? - help, Shift-Dir - straight line, f/p - orc knight
Aim: an orc knight, wielding a +0 war axe and wearing a +0 chain mail (severely The blast of sand misses the orc knight.
b - 24 stones A gnoll comes into view. It is wielding a +0 hand axe.
There is an open door here.
A goblin comes into view. It is wielding a +0 hand axe.
The gnoll hits you with a +0 hand axe.
* * * LOW HITPOINT WARNING * * *
The gnoll hits you with a +0 hand axe.
* * * LOW HITPOINT WARNING * * *
Okay, then.
You feel much better. The gnoll barely misses you.
The gnoll hits you with a +0 hand axe. The goblin hits you with a +0 hand axe.
Items here: )) [[ a +0 hand axe; a +0 leather armour; a +0 hand axe; a +0 leather armour The hobgoblin shouts!
The goblin hits you with a +0 hand axe!
The gnoll shouts!
Items here: )) [[[ a +0 hand axe; a +0 leather armour x3; a +0 hand axe
There is an open gate here.
You see here a +0 leather armour.
The gnoll hits you with a +0 war axe!
* * * LOW HITPOINT WARNING * * *
Things that are here:
a +0 hand axe; a cursed +0 ring mail You whack the gnoll!
You kill the gnoll!
Your Fighting skill increases to level 6!
The goblin hits you with a +0 hand axe.
* * * LOW HITPOINT WARNING * * *
The gnoll completely misses you.
There is a gate leading back out of this place, spattered with blood here.
Items here: )) [[ † a +0 war axe; a cursed +0 leather armour; a +0 hand axe; a +0 leather armour a gnoll corpse The hobgoblin hits you with a +0 hand axe!
* * * LOW HITPOINT WARNING * * *
The goblin closely misses you.
Welcome back to the Dungeon!
There is an empty arch of ancient stone here.
The goblin hits you with a +0 hand axe.
* * * LOW HITPOINT WARNING * * *
You completely miss the goblin.
The hobgoblin hits you with a +0 hand axe.
You die...

{ #######
#!....#
#.!g@.#
#.#.!g..#
#.#.#!....#
#.#.#!!.!.#
#.#.###'###
#.#.# #)#
#.#.# #)#
#.#.###.###.#
#.#..!......#


You could see a hobgoblin and a goblin.

Vanquished Creatures
  4 orc warriors (Bailey)
  An ogre (D:6)
  A centaur (D:6)
  3 bullfrogs (D:6)
  2 scorpions
  A bullfrog zombie (D:5)
  A centaur zombie (D:6)
  5 hounds
  2 jellies
  Jessica (D:6)
  Ijyb (D:3)
  3 worker ants
  3 hound skeletons (D:6)
  3 howler monkey skeletons
  4 adders
  10 gnolls
  A shadow imp (D:6)
  3 oozes
  An adder zombie (D:6)
  4 worms
  2 dart slugs
  4 leopard geckos
  18 orcs
  8 giant cockroaches
  11 goblins
  22 hobgoblins
  13 jackals
  A quokka (D:2)
  5 bats
  2 frilled lizards
  5 kobolds
  A leopard gecko skeleton (D:2)
  9 rats
155 creatures vanquished.

Vanquished Creatures (others)
  5 dream sheep (D:5)
  An orc warrior (Bailey)
  An adder (D:4)
  A dart slug (D:1)
  A goblin (D:1)
9 creatures vanquished.

Grand Total: 164 creatures vanquished

Notes
Turn   | Place    | Note
-------+----------+-------------------------------------------
     0 | D:1      | Mgcat the Formicid Earth Elementalist began the quest for
                  | the Orb.
     0 | D:1      | Reached XP level 1. HP: 13/13 MP: 3/3
   194 | D:1      | Reached XP level 2. HP: 19/20 MP: 1/5
   267 | D:1      | Reached skill level 1 in Fighting
   433 | D:1      | Reached skill level 4 in Earth Magic
   646 | D:1      | Reached XP level 3. HP: 26/26 MP: 6/6
   944 | D:2      | Found a sacrificial altar of Ru.
  1074 | D:2      | Reached XP level 4. HP: 27/33 MP: 6/8
  1079 | D:2      | Learned a level 3 spell: Stone Arrow
  1087 | D:2      | Reached skill level 3 in Spellcasting
  1284 | D:2      | Found a faded altar of an unknown god.
  1323 | D:2      | Found Zin's Purification Station.
  1328 | D:2      | Found a glowing silver altar of Zin.
  1375 | D:2      | Found a shattered altar of Ashenzari.
  1879 | D:2      | Became a worshipper of Ru the Awakened
  1982 | D:3      | Reached skill level 2 in Fighting
  2734 | D:3      | Reached XP level 5. HP: 38/38 MP: 5/9
  2736 | D:3      | Reached skill level 1 in Conjurations
  2748 | D:3      | Learned a level 5 spell: Lee's Rapid Deconstruction
  2822 | D:3      | Noticed Ijyb
  2828 | D:3      | Killed Ijyb
  2828 | D:3      | Reached skill level 5 in Earth Magic
  3073 | D:4      | Found a sparkling altar of Nemelex Xobeh.
  3184 | D:4      | Reached XP level 6. HP: 35/46 MP: 2/11
  3447 | D:4      | Gained mutation: You are somewhat inexperienced. (-2 XL)
                  | [Ru sacrifice]
  3447 | D:4      | Reached XP level 5. HP: 37/40 MP: 10/10
  3447 | D:4      | Reached XP level 4. HP: 34/34 MP: 9/9
  3447 | D:4      | Reached * piety under Ru
  3447 | D:4      | Reached ** piety under Ru
  3486 | D:4      | Found a shadowy altar of Dithmenos.
  3626 | D:4      | Reached skill level 3 in Fighting
  3731 | D:4      | Found a staircase to the Ecumenical Temple.
  3831 | D:4      | Found a bloodstained altar of Trog.
  3832 | D:4      | Found an iron altar of Okawaru.
  3911 | D:4      | Found a white marble altar of Elyvilon.
  3929 | D:4      | Reached XP level 5. HP: 23/41 MP: 1/10
  4014 | D:4      | Noticed an ogre
  4422 | D:5      | Entered Level 5 of the Dungeon
  4438 | D:5      | Reached skill level 4 in Spellcasting
  4438 | D:5      | Reached skill level 2 in Conjurations
  4551 | D:5      | Reached XP level 6. HP: 41/47 MP: 2/12
  4710 | D:5      | Found a glowing golden altar of the Shining One.
  5066 | D:5      | Found a stormy altar of Qazlal.
  5066 | D:5      | Found a sacrificial altar of Ru.
  5121 | D:5      | Noticed a dream sheep
  5121 | D:5      | Noticed a dream sheep
  5121 | D:5      | Noticed a dream sheep
  5121 | D:5      | Noticed a dream sheep
  5121 | D:5      | Noticed a dream sheep
  5121 | D:5      | Found a shimmering altar of Xom.
  5125 | D:5      | Killed a dream sheep
  5125 | D:5      | Killed a dream sheep
  5125 | D:5      | Killed a dream sheep
  5127 | D:5      | Killed a dream sheep
  5128 | D:5      | Killed a dream sheep
  5235 | D:5      | Noticed a phantom
  5506 | D:6      | Reached XP level 7. HP: 36/53 MP: 6/13
  5598 | D:6      | Reached skill level 4 in Fighting
  5598 | D:6      | Reached skill level 6 in Earth Magic
  5669 | D:6      | Reached skill level 3 in Conjurations
  5946 | D:6      | Reached skill level 5 in Spellcasting
  5946 | D:6      | Reached XP level 8. HP: 45/61 MP: 2/15
  6339 | D:6      | Found a radiant altar of Vehumet.
  6575 | D:6      | Noticed Jessica
  6579 | D:6      | Killed Jessica
  6584 | D:6      | Found a deep blue altar of Sif Muna.
  6775 | D:7      | Reached skill level 5 in Fighting
  6781 | D:7      | Found a flagged portal.
  6805 | Bailey   | Entered a bailey
  6878 | Bailey   | Reached skill level 7 in Earth Magic
  7054 | Bailey   | Reached skill level 4 in Conjurations
  7519 | Bailey   | Reached XP level 9. HP: 46/69 MP: 14/17
  7779 | Bailey   | Reached skill level 6 in Spellcasting
  7823 | Bailey   | Noticed an orc knight
  7836 | Bailey   | HP: 16/69 [orc warrior/+0 war axe (14)]
  7836 | Bailey   | HP: 6/69 [orc knight/+0 war axe (10)]
  7842 | Bailey   | HP: 4/69 [gnoll/+0 hand axe (4)]
  7852 | Bailey   | HP: 14/69 [gnoll/+0 war axe (8)]
  7853 | Bailey   | Reached skill level 6 in Fighting
  7855 | Bailey   | HP: 6/69 [hobgoblin/+0 hand axe (7)]
  7857 | D:7      | HP: 2/69 [goblin/+0 hand axe (5)]
  7858 | D:7      | Slain by a hobgoblin

Vault maps used:
D:1:      minmay_arrival_doors, lemuel_old_faithful
D:2:      ashenzari_conservatory_becter, zin_purify,
          chequers_ecumenical_altar_twisty, hangedman_ru_absence
D:3:      cheibrodos_gnoll_hut, uniq_ijyb
D:4:      grunt_temple_overflow_bloody_war, nemelex_altar_shiori,
          lemuel_crystal_altar, lemuel_temple_firewalk_b, elyvilon_altar_1
D:5:      gammafunk_temple_overflow_statue, nicolae_overflow_crystal_walls,
          first_ration, kb_xom_exploding_sheep
D:6:      fiery_altar_vehumet, tgw_sif
D:7:      kennysheep_little_box, enter_bailey_7, dk_yredelemnul_ordeal,
          uniq_harold
Bailey:   bailey_axe_minmay_hex_keep, bailey

Skill      XL: |  1  2  3  4  5  6  7  8  9 |
---------------+----------------------------+-----
Fighting       | 1 3 4 5 6 |  6.0
Earth Magic    | 4 5 6 7 |  7.7
Spellcasting   | 3 4 5 6 |  6.0
Conjurations   | 2 3 4 |  4.5
Dodging        | |  1.7
Stealth        | |  2.4
Transmutations | |  1.1

Action                   |  1- 3 |  4- 6 |  7- 9 || total
-------------------------+-------+-------+-------++-------
Melee: Unarmed           |    11 |       |       ||    11
       Short sword       |    46 |    15 |       ||    61
       Whip              |       |    80 |   134 ||   214
 Cast: Sandblast         |    22 |    20 |    30 ||    72
       Stone Arrow       |       |    52 |    52 ||   104
       Lee's Rapid Decon |       |       |     3 ||     3
Invok: Sacrifice Experie |       |     1 |       ||     1
  Use: Scroll            |       |    14 |     1 ||    15
       Potion            |       |       |     2 ||     2
 Stab: Sleeping          |     7 |     6 |     2 ||    15
       Invisible         |       |     3 |       ||     3
  Eat: Chunk             |     1 |    15 |     8 ||    24
       Ration            |       |     1 |     1 ||     2
Armor: Robe              |    16 |    16 |    10 ||    42
Dodge: Dodged            |    42 |    81 |    92 ||   215

Table legend:
 A = Non-vault XP
 B = Vault XP
 C = Vault XP percentage of total XP
 D = Non-vault monster count
 E = Vault monster count
 F = Vault count percentage of total count
                 A         B        C        D         E       F
            +---------+---------+-------+---------+---------+-------
      Total |    1373 |     992 |  41.9 |     106 |      50 |  32.1
            +---------+---------+-------+---------+---------+-------
        D:1 |      39 |       0 |   0.0 |      24 |       0 |   0.0
        D:2 |      44 |       0 |   0.0 |      11 |       0 |   0.0
        D:3 |      29 |     133 |  82.1 |      16 |       4 |  20.0
        D:4 |     156 |       3 |   1.9 |      16 |       1 |   5.9
        D:5 |     242 |       0 |   0.0 |      12 |       0 |   0.0
        D:6 |     779 |      37 |   4.5 |      25 |       1 |   3.8
        D:7 |      84 |      20 |  19.2 |       2 |       4 |  66.7
     Bailey |       0 |     799 | 100.0 |       0 |      40 | 100.0
            +---------+---------+-------+---------+---------+-------

Vault maps used:
D:1:      minmay_arrival_doors, lemuel_old_faithful
D:2:      ashenzari_conservatory_becter, zin_purify,
          chequers_ecumenical_altar_twisty, hangedman_ru_absence
D:3:      cheibrodos_gnoll_hut, uniq_ijyb
D:4:      grunt_temple_overflow_bloody_war, nemelex_altar_shiori,
          lemuel_crystal_altar, lemuel_temple_firewalk_b, elyvilon_altar_1
D:5:      gammafunk_temple_overflow_statue, nicolae_overflow_crystal_walls,
          first_ration, kb_xom_exploding_sheep
D:6:      fiery_altar_vehumet, tgw_sif
D:7:      kennysheep_little_box, enter_bailey_7, dk_yredelemnul_ordeal,
          uniq_harold
Bailey:   bailey_axe_minmay_hex_keep, bailey

Table legend:
 A = Turns spent in this place as a percentage of turns spent in the entire game.
 B = Non-inter-level travel turns spent in this place as a percentage of non-inter-level travel turns spent in the entire game.
 C = Inter-level travel turns spent in this place as a percentage of turns spent in this place.
 D = Turns resting spent in this place as a percentage of non-inter-level travel turns spent in this place.
 E = Turns spent auto-exploring this place as a percentage of non-inter-level travel turns spent in this place.
 F = Non-inter-level travel turns spent in this place divided by the number of levels of this place that you've seen.
                   A       B       C       D       E      F
               +-------+-------+-------+-------+-------+----------------------
         Total | 100.0 | 100.0 |   3.0 |  15.7 |  65.9 | 953.1
       Dungeon |  86.6 |  86.2 |   3.4 |   8.9 |  75.1 | 939.1
        Bailey |  13.4 |  13.8 |   0.0 |  58.2 |   8.2 | 1051.0
               +-------+-------+-------+-------+-------+----------------------

Table legend:
 A = Kills in this place as a percentage of kills in entire the game.
 B = Kills by you in this place as a percentage of kills by you in the entire game.
 C = Kills by friends in this place as a percentage of kills by friends in the entire game.
 D = Other kills in this place as a percentage of other kills in the entire game.
 E = Experience gained in this place as a percentage of experience gained in the entire game.
 F = Experience gained in this place divided by the number of levels of this place that you have seen.
                   A       B       C       D       E      F
               +-------+-------+-------+-------+-------+----------------------
         Total | 100.0 | 100.0 |   N/A | 100.0 | 100.0 | 295.6
       Dungeon |  74.4 |  74.8 |   N/A |   0.0 |  66.2 | 223.7
        Bailey |  25.6 |  25.2 |   N/A | 100.0 |  33.8 | 799.0
               +-------+-------+-------+-------+-------+----------------------
